 Dungeon Crawl Stone Soup version 0.27-a0-1273-gec92ba881d (webtiles) character file.

Game seed: 11302308334888428938

23 mordus the Covered (level 2, -1/26 HPs)
             Began as a Minotaur Fighter on June 11, 2021.
             Succumbed to a scorpion's poison
             ... on level 1 of the Dungeon.
             The game lasted 00:00:50 (600 turns).

mordus the Covered (Minotaur Fighter)                Turns: 600, Time: 00:00:50

Health: -1/26      AC:  7    Str: 20    XL:     2   Next: 75%
Magic:  1/1        EV:  7    Int:  5    God:
Gold:   28         SH:  9    Dex:  9    Spells: 1/1 levels left

rFire    . . .     SeeInvis .   a - +0 trident
rCold    . . .     Faith    .   c - +0 kite shield
rNeg     . . .     Spirit   .   b - +0 scale mail
rPois    .         Reflect  .   (helmet restricted)
rElec    .         Harm     .   (no cloak)
rCorr    .         Rampage  .   (no gloves)
Will     .....                  (no boots)
Stlth    ..........             (no amulet)
HPRegen  0.08/turn              (no ring)
MPRegen  0.07/turn              (no ring)

@: lethally poisoned (-1 -> -15)
A: horns 2, retaliatory headbutt
a: no special abilities


You were on level 1 of the Dungeon.
You visited 1 branch of the dungeon, and saw 2 of its levels.

You collected 28 gold pieces.

Inventory:

Hand Weapons
 a - a +0 trident (weapon)
Armour
 b - a +0 scale mail (worn)
 c - a +0 kite shield (worn)
Scrolls
 f - a scroll of brand weapon {unknown}
 g - a scroll of teleportation {unknown}
Potions
 d - 2 potions of might
 e - a potion of lignification {unknown}


   Skills:
 - Level 3.6 Fighting
 * Level 3.3 Polearms
 + Level 4.0 Armour
 + Level 4.0 Shields


You had one spell level left.
You didn't know any spells.
Your spell library contained the following spells:

 Spells                   Type           Power      Damage    Failure   Level
 Summon Small Mammal      Summ           0%         N/A       99%         1
 Call Imp                 Summ           0%         N/A       100%        2
 Call Canine Familiar     Summ           0%         N/A       100%        3
 Summon Guardian Golem    Hex/Summ       0%         N/A       100%        3
 Summon Ice Beast         Ice/Summ       0%         N/A       100%        4
 Summon Lightning Spire   Summ/Air       0%         N/A       100%        4


Dungeon Overview and Level Annotations

Branches:
Dungeon (2/15)

Altars:


Innate Abilities, Weirdness & Mutations

You have a pair of horns on your head.
You reflexively headbutt those who attack you in melee.


Message History

There are monsters nearby!
You closely miss the scorpion. Your headbutt misses the scorpion.
The scorpion stings you.
There are monsters nearby!
You barely miss the scorpion. Your headbutt misses the scorpion.
The scorpion barely misses you.
The scorpion stings you but does no damage.
There are monsters nearby!
You hit the scorpion. You headbutt the scorpion.
The scorpion is moderately wounded.
You block the scorpion's attack. x2
Your shield and scale mail prevent you from hitting the scorpion.
Your headbutt misses the scorpion.
The scorpion is moderately wounded.
You block the scorpion's attack. The endoplasm freezes you.
You are frozen.
You closely miss the scorpion.
The scorpion is moderately wounded.
You block the scorpion's attack. The endoplasm hits you.
The scorpion stings you.
The endoplasm hits you but does no damage.
There is a stone staircase leading up here.
The endoplasm barely misses you. You furiously retaliate!
You headbutt the endoplasm!
You kill the endoplasm!
You block the scorpion's attack.
You climb upwards.
There is a stone staircase leading down here.
You block the scorpion's attack.
You hit the scorpion but do no damage.
The scorpion is lightly wounded.
The scorpion stings you. x2
* * * LOW HITPOINT WARNING * * *
You are too injured to fight recklessly!
The scorpion stings you.
* * * LOW HITPOINT WARNING * * *
You are lethally poisoned!
The scorpion poisons you!
You die...

######### ## #.......#
.. ##>#.###.####.#. .#
#.###.......(.#. .#
#..#...... ...#. .#
#...#.##.# #.##.#.#
#..##.##.# #.##...#
#...s.@..###..######
#.###.###..†.......####
#.###.# #.###....[.....
########...#####
####...####
#........#...# #...#
######.##########.#
#†..# [....#.#.....#
#.# #...#
..####.#.....## #.##
#...# ..####.#......#
#..#######...####


You could see a scorpion.

Vanquished Creatures
  A ball python (D:1)
  A bat (D:1)
  6 endoplasms
  A giant cockroach (D:1)
  3 hobgoblins (D:1)
  2 jackals (D:1)
  A kobold (D:1)
  A frilled lizard (D:1)
  A goblin (D:1)
  2 rats (D:1)
19 creatures vanquished.

Notes
Turn   | Place    | Note
-------+----------+-------------------------------------------
     0 | D:1      | mordus the Minotaur Fighter began the quest for the Orb.
     0 | D:1      | Reached XP level 1. HP: 19/19 MP: 0/0
   233 | D:1      | Reached XP level 2. HP: 26/26 MP: 1/1
   582 | D:2      | Noticed a scorpion
   600 | D:1      | Succumbed to a scorpion's poison

Illustrated notes

Levels and vault maps discovered:
D:1:      minmay_arrival_five_plusses, layout_loops_ring,
          basic_ecumenical_altar, serial_co_window_serial,
          co_window_of_opportunity_a, co_window_cross_1, co_window_corner_a,
          co_window_paths_a, co_window_paths_b, co_window_paths_a,
          co_window_paths_a, co_window_cross_3, co_window_cross_3,
          co_window_broadway_b, co_window_corner_b, glass_columns_a,
          grunt_decor_one_mirror
D:2:      layout_rooms, uniq_robin

Skill      XL: |  1  2 |
---------------+-------+-----
Polearms       | 3 |  3.3
Armour         | 4 |  4.0
Shields        | 4 |  4.0
Fighting       | |  3.6

Action                   || total
-------------------------++-------
Melee: Trident           ||    41
       Headbutt          ||     5
Armor: Scale mail        ||    12
Dodge: Dodged            ||     9
Block: Kite shield       ||    11

Table legend: (Time is in decaauts)
 A = Elapsed time spent in this place.
 B = Non-inter-level travel time spent in this place.
 C = Inter-level travel time spent in this place.
 D = Time resting spent in this place.
 E = Time spent auto-exploring this place.
 F = Levels seen in this place.
 G = Mean time per level.
                   A        B        C        D        E       F      G
               +--------+--------+--------+--------+--------+-----+--------+
         Total |    616 |    611 |      5 |      0 |    495 |   2 |  308.0 |
       Dungeon |    616 |    611 |      5 |      0 |    495 |   2 |  308.0 |
               +--------+--------+--------+--------+--------+-----+--------+

Top non-repeatable levels by time:
     D:1: 606 daAuts
     D:2: 10 daAuts
